 Dungeon Crawl Stone Soup version 0.24.0-125-gc4c63601f3 (webtiles) character file.

Game seed: 6972348701781060243, levelgen mode: deterministic

123 shakethe the Skirmisher (level 4, 0/36 HPs)
             Began as a Demonspawn Fighter on Mar 17, 2020.
             Was an Initiate of Okawaru.
             Slain by Sigmund
             ... wielding a +2 scythe of freezing
              (1 damage)
             ... on level 3 of the Dungeon.
             The game lasted 00:03:09 (1823 turns).

shakethe the Skirmisher (Demonspawn Fighter)        Turns: 1823, Time: 00:03:10

Health: 0/36       AC:  9    Str: 21    XL:     4   Next: 80%
Magic:  4/4        EV:  6    Int: 11    God:    Okawaru [......]
Gold:   40         SH:  9    Dex: 12    Spells: 3/3 levels left

rFire    + . .     SeeInvis .   a - +0 rapier
rCold    . . .     Gourm    .   c - +0 shield
rNeg     . . .     Faith    .   m - +0 chain mail
rPois    .         Spirit   .   (no helmet)
rElec    .         Reflect  .   (no cloak)
rCorr    .         Harm     .   (no gloves)
MR       .....                  (no boots)
Stlth    ..........             (no amulet)
HPRegen  0.12/turn              (no ring)
MPRegen  0.09/turn              (no ring)

@: mighty
A: fire resistance 1
a: Renounce Religion


You were on level 3 of the Dungeon.
You worshipped Okawaru.
Okawaru was noncommittal.
You were hungry.

You visited 1 branch of the dungeon, and saw 3 of its levels.

You collected 40 gold pieces.

Inventory:

Hand Weapons
 a - a +0 rapier (weapon)
Armour
 b - a +0 scale mail
 c - a +0 shield (worn)
 m - a +0 chain mail (worn)
Scrolls
 e - a scroll of remove curse {unknown}
 g - a scroll of magic mapping {unknown}
 i - a scroll of teleportation {unknown}
 j - 2 scrolls of blinking {unknown}
 l - a scroll of noise {unknown}
 n - 2 scrolls of fog {unknown}
Potions
 h - 2 potions of curing {unknown}
 k - a potion of brilliance {unknown}
Comestibles
 f - 6 rations


   Skills:
 + Level 3.6 Fighting
 + Level 2.5 Short Blades
 + Level 3.3 Armour
 + Level 1.5 Dodging
 + Level 3.3 Shields


You had 3 spell levels left.
You didn't know any spells.
Your spell library was empty.

Dungeon Overview and Level Annotations

Branches:
Dungeon (3/15)

Altars:
Okawaru

Annotations:
D:3 Sigmund


Innate Abilities, Weirdness & Mutations

Your flesh is heat resistant. (rF+)


Message History

You feel very mighty all of a sudden.
Sigmund hits you from afar with a +2 scythe of freezing.
Sigmund freezes you.
Sigmund hits you with a +2 scythe of freezing!
Sigmund freezes you.
* * * LOW HITPOINT WARNING * * *
You puncture Sigmund!
Sigmund is heavily wounded.
You hit Sigmund.
Sigmund is heavily wounded.
You block Sigmund's attack.
You closely miss Sigmund.
Sigmund is heavily wounded.
You block Sigmund's attack.
You hit Sigmund.
Sigmund is severely wounded.
Sigmund hits you with a +2 scythe of freezing!
* * * LOW HITPOINT WARNING * * *
Sigmund freezes you.
You die...

##.#....... #####
##.#..# #.#
....##########.###.##.#
###....)......## ##..#
############.###..#.#
#.#..†# .. #.#..# #^#
#.#..# .# ###### #@#..#
. ...... #@#..# #####.#
.....# ....... ...#...
#####.. ##....## .... .
...# ## .#.##


You could see Sigmund.

Vanquished Creatures
  A centaur (D:1)
  An adder (D:2)
  A dart slug (D:2)
  A leopard gecko (D:1)
  2 giant cockroaches
  4 goblins (D:2)
  6 hobgoblins
  2 quokkas (D:2)
  4 bats
  2 frilled lizards
  6 kobolds
  6 rats
36 creatures vanquished.

Notes
Turn   | Place    | Note
-------+----------+-------------------------------------------
     0 | D:1      | shakethe the Demonspawn Fighter began the quest for the
                  | Orb.
     0 | D:1      | Reached XP level 1. HP: 18/18 MP: 1/1
   295 | D:1      | Gained mutation: Your flesh is heat resistant. (rF+)
                  | [demonic ancestry]
   295 | D:1      | Reached XP level 2. HP: 24/24 MP: 2/2
   651 | D:2      | Noticed a centaur
   667 | D:1      | Killed a centaur
   667 | D:1      | Reached skill level 1 in Dodging
   667 | D:1      | Reached XP level 3. HP: 5/29 MP: 3/3
   667 | D:1      | Reached XP level 4. HP: 6/35 MP: 4/4
  1301 | D:2      | Found an iron altar of Okawaru.
  1329 | D:2      | Became a worshipper of Warmaster Okawaru
  1811 | D:3      | Noticed Sigmund
  1823 | D:3      | HP: 1/36 [Sigmund/+2 scythe of freezing (8)]
  1823 | D:3      | Slain by Sigmund

Levels and vault maps discovered:
D:1:      lightli_iron_boxes, layout_loops_cross, minmay_fountain_box
D:2:      layout_basic, lemuel_crystal_altar
D:3:      layout_loops_ring, xom_redecorated, uniq_sigmund

Skill      XL: |  1  2 |
---------------+-------+-----
Short Blades   | 2 |  2.5
Armour         | 3 |  3.3
Dodging        | 1 |  1.5
Shields        | 3 |  3.3
Fighting       | |  3.6

Action                   |  1- 3 |  4- 6 || total
-------------------------+-------+-------++-------
Melee: Rapier            |    60 |    70 ||   130
  Use: Potion            |       |     1 ||     1
  Eat: Chunk             |       |     2 ||     2
Armor: Scale mail        |    37 |    24 ||    61
       Chain mail        |       |     2 ||     2
Dodge: Dodged            |    20 |    15 ||    35
Block: Shield            |    32 |    29 ||    61
